 Dungeon Crawl Stone Soup version 0.15-a0-963-gb693d2a (console) character file.

3026 dragonslair the Basher (level 9, -2/51 HPs)
             Began as a Gargoyle Berserker on May 22, 2014.
             Was a High Priest of Trog.
             Slain by a spiny frog (4 damage)
             ... on Level 3 of the Lair of Beasts.
             The game lasted 00:16:21 (3231 turns).

dragonslair the Basher (Gargoyle Berserker)         Turns: 3231, Time: 00:16:21

HP  -2/51        AC 19     Str 24      XL: 9   Next: 85%
MP  11/11        EV  6     Int  8      God: Trog [*****.]
Gold 244         SH  0     Dex  9      Spells:  0 memorised,  8 levels left

rFire  . . .     SeeInvis .     u - +0 morningstar
rCold  . . .     Clarity  .     a - +0 plate armour
rNeg   + . .     Conserve .     (no shield)
rPois  +         rCorr    .     (no helmet)
rElec  +         rRot     +     N - +0 cloak
SustAb .         Spirit   .     (no gloves)
rMut   .         Warding  .     (no boots)
Gourm  .         Stasis   .     z - amulet of rage
MR     .....                    o - +2 ring of protection
                                n - cursed ring of invisibility

@: not resistant to hostile enchantments, extremely unstealthy
A: life protection 1, electricity resistance, unbreathing, petrification
resistance, AC +5
a: Burn Spellbooks, Berserk, Trog's Hand, Brothers in Arms, Renounce Religion,
Evoke Berserk Rage, Evoke Invisibility


You were on level 3 of the Lair of Beasts.
You worshipped Trog.
Trog was extremely pleased with you.
You were not hungry.

You visited 3 branches of the dungeon, and saw 14 of its levels.
You also visited: Sewer.

You collected 244 gold pieces.

Inventory:

Hand weapons
 u - a +0,+0 morningstar (weapon)
 B - a +0 blowgun
Missiles
 E - 8 javelins (quivered)
Armour
 a - a +0 plate armour (worn)
 x - a +3 leather armour of fire resistance
 N - a +0 cloak (worn)
Magical devices
 w - a wand of polymorph (2)
Comestibles
 q - 4 meat rations
 M - 6 chunks of centaur flesh
Scrolls
 b - 2 scrolls of amnesia {unknown}
 c - a scroll of random uselessness {unknown}
 f - 3 scrolls of remove curse
 j - 4 scrolls of teleportation {unknown}
 y - a scroll of recharging {unknown}
 C - 2 scrolls of enchant weapon II {unknown}
 G - a scroll of summoning {unknown}
 J - a scroll of magic mapping {unknown}
 K - 2 scrolls of blinking {unknown}
Jewellery
 n - a cursed ring of invisibility (left hand)
 o - a +2 ring of protection (right hand)
 p - an uncursed ring of wizardry
 z - an amulet of rage (around neck)
Potions
 d - 2 potions of heal wounds {unknown}
 e - 3 potions of curing
 g - 2 potions of invisibility {unknown}
 h - a potion of confusion {unknown}
 i - 2 potions of haste {unknown}
 k - a potion of resistance
 l - a potion of cure mutation
 m - a potion of flight
 s - a potion of degeneration {unknown}
 t - a potion of restore abilities {unknown}
 A - a potion of agility {unknown}
 D - a potion of brilliance {unknown}
 F - a potion of magic {unknown}
 I - 2 potions of poison {unknown}
Books
 H - a book of Maledictions

   Spells                             Type                      Level
   Corona                             Hexes                        1
   Sure Blade                         Hexes/Charms                 2
   Ensorcelled Hibernation            Hexes/Ice                    2
   Confuse                            Hexes                        3
   Dazzling Spray                     Conjuration/Hexes            3
   Enslavement                        Hexes                        4
   Trog disapproves of the use of such an item.
Miscellaneous
 L - a disc of storms


   Skills:
 + Level 3.5 Fighting
 + Level 14.0 Maces & Flails
 - Level 2.1 Armour
 - Level 1.5 Dodging
 * Level 1.6 Evocations


You had 8 spell levels left.
You didn't know any spells.

Dungeon Overview and Level Annotations

Branches:
Dungeon (10/15)            Temple (1/1) D:6            Lair (3/8) D:10
    Orc: D:9-12       Swamp: Lair:3-6    Shoals: Lair:3-6     Snake: Lair:3-6
 Spider: Lair:3-6

Altars:
Cheibriados
Dithmenos
Elyvilon
Fedhas
Gozag
Kikubaaqudgha
Makhleb
Nemelex Xobeh
Okawaru
Qazlal
Sif Muna
Trog
Xom
Yredelemnul


Innate Abilities, Weirdness & Mutations

You are resistant to torment.
You are immune to poison.
You are immune to rotting.
Your stone body is very resilient (AC +5).
You resist negative energy.
You are resistant to electric shocks.
You can survive without breathing.
You are immune to petrification.


Message History

The spiny frog is moderately wounded.
The spiny frog stings you but does no damage.
You barely miss the spiny frog.
The spiny frog is moderately wounded.
The spiny frog stings you!
You closely miss the spiny frog.
The spiny frog is moderately wounded.
The spiny frog stings you!
You closely miss the spiny frog.
The spiny frog is moderately wounded.
The spiny frog stings you.
* * * LOW HITPOINT WARNING * * *
You hit the spiny frog but do no damage.
The spiny frog is moderately wounded.
The spiny frog stings you!
* * * LOW HITPOINT WARNING * * *
You hit the spiny frog but do no damage.
The spiny frog is moderately wounded.
The spiny frog stings you.
You die...

... ...... ..#..... ..
#..#P...##.P#
............###
..............#
..............#..
.....#..F.........
........@.........
...............#.
..............#
.....##.....###
......#.P...P### ...
.......#........#P...#
.....#.#...........#
........#...........#
....................#


You could see a spiny frog.

Vanquished Creatures
  Grinder (D:5)
  A wyvern (D:8)
  Eustachio (D:6)
  A hippogriff (D:9)
  Menkaure (D:7)
  2 water moccasins
  Purgy (Sewer)
  A black bear (D:8)
  A sky beast (D:8)
  3 ogres
  An ice beast (D:7)
  A centaur (D:10)
  Duvessa (D:5)
  A crocodile (Lair:2)
  The ghost of TZer0alt the Insei, an average GrTm (D:3)
  A giant frog (D:9)
  Blork the orc (D:6)
  6 wights
  Dowan (D:5)
  A crimson imp (D:7)
  3 hounds
  A centaur skeleton (D:4)
  A big fish (Lair:2)
  5 orc priests
  3 orc wizards (D:8)
  2 worker ants
  An ogre zombie (D:5)
  8 adders
  3 gnolls (D:2)
  2 shadow imps
  An inept feature mimic (Sewer)
  2 giant mites (Sewer)
  A worm (D:6)
  An orc zombie (D:8)
  An adder zombie (D:8)
  3 giant geckos
  An ooze (D:7)
  20 orcs
  11 bats
  12 goblins
  7 hobgoblins
  7 jackals
  14 kobolds
  A quokka (D:5)
  A ball python (D:3)
  3 giant newts
  7 rats
  A rat skeleton (D:4)
151 creatures vanquished.

Notes
Turn   | Place    | Note
--------------------------------------------------------------
     0 | D:1      | dragonslair, the Gargoyle Berserker, began the quest for the Orb.
     0 | D:1      | Reached XP level 1. HP: 14/14 MP: 1/1
   109 | D:1      | Reached XP level 2. HP: 16/19 MP: 2/2
   119 | D:1      | Reached skill level 4 in Maces & Flails
   272 | D:1      | Reached XP level 3. HP: 15/23 MP: 3/3
   351 | D:2      | Acquired Trog's second power
   407 | D:2      | Reached skill level 5 in Maces & Flails
   410 | D:2      | Reached XP level 4. HP: 28/28 MP: 4/4
   658 | D:3      | Noticed TZer0alt's ghost (average GrTm)
   666 | D:3      | Killed TZer0alt's ghost
   666 | D:3      | Reached skill level 6 in Maces & Flails
   666 | D:3      | Reached XP level 5. HP: 32/32 MP: 5/5
   916 | D:3      | Found a glowing drain.
   923 | Sewer    | Entered a sewer
   990 | Sewer    | Noticed Purgy
  1035 | Sewer    | Killed Purgy
  1035 | Sewer    | Reached skill level 7 in Maces & Flails
  1035 | Sewer    | Reached XP level 6. HP: 21/37 MP: 6/6
  1229 | D:4      | Reached skill level 8 in Maces & Flails
  1360 | D:5      | Entered Level 5 of the Dungeon
  1431 | D:5      | Reached XP level 7. HP: 41/41 MP: 7/7
  1527 | D:5      | Noticed Grinder
  1533 | D:5      | Paralysed by Grinder for 6 turns
  1545 | D:5      | Paralysed by Grinder for 3 turns
  1557 | D:5      | Killed Grinder
  1557 | D:5      | Reached skill level 9 in Maces & Flails
  1602 | D:5      | Noticed Duvessa
  1604 | D:5      | Noticed Dowan
  1644 | D:5      | Killed Duvessa
  1653 | D:5      | Killed Dowan
  1680 | D:6      | Found a staircase to the Ecumenical Temple.
  1686 | D:6      | Noticed Eustachio
  1716 | D:6      | Killed Eustachio
  1716 | D:6      | Reached skill level 10 in Maces & Flails
  1716 | D:6      | Reached XP level 8. HP: 35/46 MP: 8/8
  1747 | Temple   | Entered the Ecumenical Temple
  1856 | D:6      | Noticed Blork the orc
  1863 | D:6      | Killed Blork the orc
  1895 | D:6      | Reached skill level 11 in Maces & Flails
  2002 | D:7      | Noticed Menkaure
  2248 | D:7      | Killed Menkaure
  2248 | D:7      | Reached skill level 12 in Maces & Flails
  2248 | D:7      | Reached XP level 9. HP: 26/51 MP: 9/9
  2282 | D:7      | Found an opulent altar of Gozag.
  2372 | D:8      | Acquired Trog's third power
  2461 | D:7      | Found a shimmering altar of Xom.
  2696 | D:9      | Reached skill level 13 in Maces & Flails
  3005 | D:10     | Entered Level 10 of the Dungeon
  3005 | D:10     | Found a staircase to the Lair.
  3012 | D:10     | Reached skill level 14 in Maces & Flails
  3048 | Lair:1   | Entered Level 1 of the Lair of Beasts
  3176 | Lair:2   | Reached skill level 1 in Evocations
  3221 | Lair:3   | Noticed a spiny frog
  3230 | Lair:3   | HP: 2/51 [spiny frog (13)]
  3231 | Lair:3   | Slain by a spiny frog

Action                   |  1- 3 |  4- 6 |  7- 9 || total
-------------------------+-------+-------+-------++-------
Melee: Mace              |    78 |   185 |     5 ||   268
       Morningstar       |       |       |   369 ||   369
       Unarmed           |       |       |     1 ||     1
Invok: Berserk           |     1 |     2 |     6 ||     9
       Trog's Hand       |       |     1 |     6 ||     7
  Use: Scroll            |       |     3 |     3 ||     6
       Potion            |       |     1 |     2 ||     3
